 Dungeon Crawl Stone Soup version 0.27.1-3-gb3d3a73c9e (webtiles) character file.

Game seed: 6550920797152058832

15 AarnesTheHuman the Covered (level 2, -7/25 HPs)
             Began as a Barachi Fighter on Oct 27, 2021.
             Killed by nerve-wracking pain
             ... invoked by Jessica
              (13 damage)
             ... on level 2 of the Dungeon.
             The game lasted 00:01:05 (639 turns).

AarnesTheHuman the Covered (Barachi Fighter)         Turns: 639, Time: 00:01:06

Health: -7/25      AC:  7    Str: 17    XL:     2   Next: 50%
Magic:  2/2        EV:  7    Int:  8    God:
Gold:   28         SH:  9    Dex: 11    Spells: 1/1 levels left

rFire    . . .     SeeInvis .   a - +0 long sword
rCold    . . .     Faith    .   c - +0 kite shield
rNeg     . . .     Spirit   .   b - +0 scale mail
rPois    .         Reflect  .   (no helmet)
rElec    .         Harm     .   (no cloak)
rCorr    .         Rampage  .   (no gloves)
Will     .....                  (no boots)
Stlth    ..........             (no amulet)
HPRegen  0.08/turn              (no ring)
MPRegen  0.08/turn              (no ring)

@: slow
A: amphibious, slowness 1, strong legs 1, +LOS
a: Hop


You were on level 2 of the Dungeon.
You visited 1 branch of the dungeon, and saw 2 of its levels.

You collected 28 gold pieces.

Inventory:

Hand Weapons
 a - a +0 long sword (weapon)
Missiles
 i - 26 stones
Armour
 b - a +0 scale mail (worn)
 c - a +0 kite shield (worn)
Jewellery
 e - a ring of ice
Scrolls
 f - a scroll of brand weapon {unknown}
 g - a scroll of amnesia {unknown}
 j - a scroll of torment {unknown}
 k - a scroll of teleportation {unknown}
Potions
 d - a potion of might
 h - a potion of degeneration {unknown}


   Skills:
 + Level 3.9 Fighting
 + Level 2.8 Long Blades
 + Level 3.9 Armour
 + Level 3.5 Shields


You had one spell level left.
You didn't know any spells.
Your spell library was empty.

Dungeon Overview and Level Annotations

Branches:
Dungeon (2/15)

Altars:

Annotations:
D:2 Jessica


Innate Abilities, Weirdness & Mutations

You are amphibious.
You cover ground slowly.
You can hop short distances.
You have an extended range of vision and can be seen from far away.


Message History

The hobgoblin hits you but does no damage.
You slash the hobgoblin!
You kill the hobgoblin!
The bat hits you but does no damage.
You slash the bat!
You kill the bat!
Jessica hits you but does no damage.
You hit Jessica.
Jessica is moderately wounded.
You block Jessica's attack. Jessica hits you with a +0 club.
You hit Jessica.
Jessica is almost dead.
Jessica casts a spell at you. Pain shoots through your body!
Jessica drinks a potion.
Jessica is healed!
You block Jessica's attack.
You hit Jessica.
Jessica is lightly wounded.
Jessica shouts, "You're disturbing me!
I'll have to kill you!"
Jessica mumbles some strange words.
Jessica blinks!
Found 10 gold pieces.
Jessica gestures wildly.
Jessica gestures at you while chanting. You resist with some effort.
You see here a bat corpse.
You barely miss Jessica.
Jessica is lightly wounded.
You block Jessica's attack. Jessica casts a spell at you.
Pain shoots through your body!
Ouch! That really hurt!
* * * LOW HITPOINT WARNING * * *
You are too injured to fight recklessly!
You hit Jessica.
Jessica is heavily wounded.
Jessica hits you but does no damage.
Jessica points at you and mumbles some strange words.
Pain shoots through your body!
Ouch! That really hurt!
You die...

# #########$#
#.#..........
#.#....>.....
#.#$.......:.
.............
.............
#<#..........
#.#..@.......
##.##@#.#
#.......#
######..#...##
#......>..###
#..^....#######
#####......$..#
##..#####..#
#..# #####..#


You could see Jessica (fast).

Vanquished Creatures
  A dart slug (D:1)
  4 ball pythons
  A giant cockroach (D:1)
  A goblin (D:1)
  A hobgoblin (D:2)
  A kobold (D:1)
  A quokka (D:1)
  2 bats
  A rat (D:1)
13 creatures vanquished.

Notes
Turn   | Place    | Note
-------+----------+-------------------------------------------
     0 | D:1      | AarnesTheHuman the Barachi Fighter began the quest for the
                  | Orb.
     0 | D:1      | Reached XP level 1. HP: 18/18 MP: 1/1
   405 | D:1      | Reached XP level 2. HP: 22/25 MP: 2/2
   453 | D:1      | Found a faded altar of an unknown god.
   626 | D:2      | Noticed Jessica
   639 | D:2      | Killed from afar by Jessica

Illustrated notes

Levels and vault maps discovered:
D:1:      dpeg_arrival_shelter, layout_rooms,
          shapermc_ecumenical_altar_flowoftime
D:2:      minmay_alternating_diamond, layout_rooms, uniq_jessica

Action                   || total
-------------------------++-------
Melee: Long sword        ||    44
Armor: Scale mail        ||    25
Dodge: Dodged            ||    11
Block: Kite shield       ||    27
       Rpst.: Long sword ||     4
